Map: Battle on the Boardwalk LE

Players

JagrsMullets - Winner!

  • Race: Protoss Protoss
  • Spawn Location: 11:00

A.I. 1 (Medium)

  • Race: Terran Terran
  • Spawn Location: 1:00

VOD

Have the link to the VOD?

Description

Time

  • Played on: Nov. 25, 2017, 2:21 a.m.
  • Length: 13:27
Show
View Real Time Build Order
Export as new Build Order

JagrsMullets Protoss - Winner!

Build Orders:  

Get SALT Encoding   

  12  0:01  Probe (Chrono Boost)  
  13  0:14  Probe (Chrono Boost)  
  14  0:20  Pylon  
  14  0:26  Probe  
  15  0:38  Probe  
  15  0:40  Assimilator  
  16  0:51  Probe  
  17  1:05  Forge  
  17  1:08  Probe (Chrono Boost)  
  19  1:20  Pylon, Probe (Chrono Boost)  
  19  1:22  Probe (Chrono Boost)  
  20  1:31  Pylon  
  20  1:34  Probe  
  21  1:44  Photon Cannon  
  21  1:46  Probe  
  22  1:50  Photon Cannon  
  22  1:58  Probe  
  22  2:00  Photon Cannon  
  23  2:11  Photon Cannon  
  23  2:19  Pylon  
  23  2:26  Photon Cannon  
  23  2:33  Protoss Ground Weapons Level 1  
  23  2:34  Probe  
  24  2:48  Gateway  
  24  3:02  Gateway  
  24  3:05  Gateway  
  24  3:19  Probe (Chrono Boost)  
  26  3:31  Probe (Chrono Boost)  
  26  3:33  Probe  
  27  3:38  Cybernetics Core  
  27  3:46  Photon Cannon, Probe  
  28  3:57  Gateway  
  28  3:58  Probe  
  28  3:59  Gateway  
  29  4:04  Gateway  
  29  4:17  Twilight Council  
  29  4:21  Robotics Facility  
  29  4:26  Warp Gate (Chrono Boost)  
  29  4:32  Assimilator  
  29  4:45  Probe (Chrono Boost)  
  31  4:55  Probe (Chrono Boost)  
  31  4:56  Pylon  
  31  4:59  Probe  
  32  5:00  Pylon  
  32  5:12  Observer  
  33  5:25  Stargate  
  33  5:35  Protoss Ground Weapons Level 2  
  33  5:51  Photon Cannon  
  33  5:57  Photon Cannon  
  33  6:01  Photon Cannon  
  33  6:07  Photon Cannon  
  33  6:14  Photon Cannon  
  33  6:29  Fleet Beacon  
  33  6:40  Robotics Bay  
  33  6:55  Nexus  
  33  7:08  Stalker  
  33  7:09  Stalker x2  
  33  7:11  Zealot  
  33  7:12  Zealot x2  
  45  7:29  Charge (Chrono Boost)  
  45  7:40  Assimilator  
  45  7:45  Assimilator  
  45  8:02  Observer Gravitic Boosters  
  45  8:35  Adept x2  
  45  8:36  Adept x2  
  45  8:37  Adept  
  45  8:38  Adept  
  57  9:09  Blink (Chrono Boost)  
  57  9:21  Mothership (Chrono Boost)  
  65  9:43  Pylon  
  65  9:45  Pylon  
  65  10:02  Colossus  
  71  10:11  Robotics Facility  
  71  10:15  Robotics Facility  
  71  10:30  Stalker  
  71  10:31  Zealot  
  71  10:32  Zealot x3  
  71  10:33  Zealot  
  76  11:41  Stalker  
  76  11:42  Stalker x2  
  76  11:43  Stalker x2  
  76  11:44  Stalker  
Show
View Real Time Build Order
Export as new Build Order

A.I. 1 (Medium) Terran 

Build Orders:  

Get SALT Encoding   

  12  0:00  SCV  
  13  0:13  SCV  
  14  0:19  Supply Depot  
  14  0:25  SCV  
  15  0:40  SCV  
  15  0:42  Barracks  
  16  0:50  Refinery  
  16  0:52  SCV  
  17  1:04  SCV  
  18  1:18  Supply Depot  
  18  1:29  Orbital Command  
  18  1:30  Marine  
  19  1:34  Barracks  
  19  1:45  Refinery  
  19  1:49  Barracks Tech Lab  
  19  2:06  Factory  
  19  2:07  Marine  
  20  2:21  Supply Depot  
  20  2:25  Marine  
  20  2:28  Marine  
  22  2:40  SCV  
  22  2:43  Marauder  
  25  2:46  Marine  
  26  2:52  SCV  
  26  2:55  Hellion  
  29  3:02  Supply Depot  
  29  3:05  Marauder  
  31  3:09  Marine  
  32  3:18  Hellion  
  34  3:25  Marine  
  35  3:32  Supply Depot  
  35  3:33  SCV  
  36  3:39  Hellion  
  38  3:44  Marauder  
  38  3:45  SCV  
  38  3:48  Engineering Bay  
  41  3:57  SCV  
  41  4:01  Hellion  
  44  4:09  SCV  
  45  5:07  SCV, Barracks Tech Lab  
  45  5:08  Cyclone  
  45  5:09  Factory  
  45  5:12  Missile Turret  
  45  5:14  Marine, Missile Turret  
  45  5:15  Supply Depot  
  46  5:35  Bunker  
  46  5:36  Sensor Tower  
  46  5:40  Hellion  
  45  5:44  Starport  
  45  5:48  Marine  
  40  5:52  Factory Tech Lab  
  33  6:01  Marine, Factory Tech Lab  
  27  6:13  Marine  
  27  6:17  Command Center  
  28  6:21  Starport Tech Lab  
  28  6:26  Marine  
  29  6:39  Marine, Raven  
  32  6:52  Marine  
  32  6:53  Armory  
  33  7:05  Marauder  
  35  7:16  Marine  
  35  7:22  Raven  
  36  7:26  Marine  
  34  7:33  Marine  
  34  7:35  SCV  
  34  7:38  SCV, Hellion  
  35  7:46  Marauder  
  35  7:50  Refinery  
  37  7:53  SCV, Hellion  
  40  7:59  SCV  
  40  8:00  Hellion  
  40  8:05  SCV  
  44  8:07  Marauder  
  44  8:11  SCV  
  47  8:14  Viking  
  47  8:17  SCV  
  50  8:23  SCV  
  49  8:27  Marine  
  49  8:29  SCV  
  43  8:35  SCV  
  38  8:44  Viking  
  38  8:47  SCV  
  41  8:49  SCV  
  41  8:52  Marine  
  43  8:59  SCV  
  43  9:02  SCV  
  45  9:06  Siege Tank  
  45  9:07  Missile Turret  
  48  9:11  Missile Turret  
  48  9:14  Raven  
  50  9:19  Marine  
  51  9:31  Marine  
  51  9:32  Refinery  
  47  9:42  Cyclone  
  45  9:54  Marine  
  45  9:57  Medivac  
  47  10:05  Supply Depot  
  47  10:06  Marauder  
  47  10:17  Marauder  
  44  10:27  Medivac  
  43  10:28  Thor  
  43  10:30  SCV  
  43  10:33  SCV  
  47  10:40  Marine  
  47  10:42  SCV  
  45  10:47  SCV  
  45  10:48  Hellion  
  45  10:57  Raven  
  43  10:59  SCV  
  43  11:03  SCV, Marauder  
  40  11:10  Hellion  
  39  11:12  SCV  
  39  11:15  SCV  
  39  11:17  Hellion  
  36  11:24  SCV  
  36  11:25  Marauder  
  29  11:27  SCV  
  29  11:32  Hellion  
  28  11:36  SCV  
  28  11:39  SCV, Hellion  
  31  11:51  SCV  
  29  11:54  Hellion  
  13  12:24  Supply Depot  
  13  12:46  SCV  
  13  12:48  Supply Depot  
  13  12:58  SCV  
  12  13:10  SCV  
  9  13:15  Supply Depot  
Tags
 
Add a new tag
Caveats
  • Supply blocks, unpowered buildings, or Contaminate may cause inaccurate times.
  • Supply counts are checked every 10 seconds.